Workbook

Sheet Lançamentos
A1: Número | B1: Programa | C1: Elemento de Despesa | D1: Beneficiário/Fornecedor | E1: Empenho | F1: Data Empenho | G1: Ordem Bancária | H1: Data Pagamento | I1: Valor | J1: PCDP | K1: Adiantamento/PROAP | L1: OBS
A2: 1 | B2: MÚSICA | C2: Diárias - Servidores | D2: Edwin Ricardo Pitre Vasquez | E2: 2026NE000264 | F2: 46048 | G2: 2026OB000889 | H2: 46071 | I2: 2297.25 | J2: 084/26 | K2: Adiantamento
A3: 2 | B3: PROPG | C3: Diárias - Servidores | D3: Tiago Venturi | E3: 2026NE000264 | F3: 46048 | G3: 2026OB001338 | H3: 46086 | I3: 1422.27 | J3: 029/26 | K3: Adiantamento
A4: 3 | B4: PLANEJAMENTO URBANO | C4: Diárias - Servidores | D4: Maria do Livramento Miranda Clementino | E4: 2026NE000264 | F4: 46048 | G4: 2026OB001570 | H4: 46091 | I4: 1116.36 | J4: 240/26 | K4: Adiantamento
A5: 4 | B5: COMUNICAÇÃO | C5: Diárias - Servidores | D5: Rogério Christofoletti | E5: 2026NE000264 | F5: 46048 | G5: 2026OB001995 | H5: 46107 | I5: 463.18 | J5: 219/26 | K5: Adiantamento
A6: 5 | B6: PROPG | C6: Diárias - Servidores | D6: Ricardo Limongi França Coelho | E6: 2026NE000264 | F6: 46048 | G6: 2026OB002396 | H6: 46119 | I6: 558.18 | J6: 202/26 | K6: Adiantamento
A7: 6 | B7: PSICOLOGIA | C7: Diárias - Servidores | D7: Miriam Cristiane Alves | E7: 2026NE000264 | F7: 46048 | G7: 2026OB002415 | H7: 46119 | I7: 334.55 | J7: 004/26 | K7: Adiantamento
A8: 7 | B8: PSICOLOGIA | C8: Serviços de PF/Diárias de Colaboradores | D8: Kwame Yonatan Poli dos Santos | E8: 2026NE000265 | F8: 46048 | G8: 2026OB001905 | H8: 46105 | I8: 380 | J8: 024/26 | K8: Adiantamento
A9: 8 | B9: DESENVOLVIMENTO ECONÔMICO | C9: Serviços de PF/Diárias de Colaboradores | D9: Jose Gabriel Porcile Meirelles | E9: 2026NE000265 | F9: 46048 | G9: 2026OB001993 | H9: 46107 | I9: 1330 | J9: 012/26 | K9: Adiantamento
A10: 9 | B10: PSICOLOGIA | C10: Serviços de PF/Diárias de Colaboradores | D10: Robson Nascimento da Cruz | E10: 2026NE000265 | F10: 46048 | G10: 2026OB002284 | H10: 46118 | I10: 380 | J10: 006/26 | K10: Adiantamento
A11: 10 | B11: GESTÃO DA INFORMAÇÃO | C11: Serviços de PF/Diárias de Colaboradores | D11: Claudia Andrea Lima Cardoso | E11: 2026NE000265 | F11: 46048 | G11: 2026OB003224 | H11: 46147 | I11: 475 | J11: 435/26 | K11: Adiantamento
A12: 11 | B12: PSICOLOGIA | C12: Serviços de PF/Diárias de Colaboradores | D12: Rodolfo Rodrigues de Souza | E12: 2026NE000265 | F12: 46048 | G12: 2026OB004106 | H12: 46170 | I12: 380 | J12: 005/26 | K12: Adiantamento
A13: 12 | B13: ENFERMAGEM | C13: Diárias - Servidores | D13: Rafaela Gessner Lourenço | E13: 2026NE000844 | F13: 46084 | G13: 2026OB001396 | H13: 46086 | I13: 10331.86 | J13: 207/26 | K13: Adiantamento
... A71: 70 | B71: COMUNICAÇÃO | C71: Auxílio Financeiro Estudantes | D71: Kevin Willian Kossar Furtado | E71: 2026NE001513 | F71: 46128 | G71: 2026OB003512 | H71: 46150 | I71: 850 | J71: N/D | K71: Adiantamento
A72: 71 | B72: COMUNICAÇÃO | C72: Auxílio Financeiro Estudantes | D72: Priscila de Jesus Silva | E72: 2026NE001513 | F72: 46128 | G72: 2026OB003512 | H72: 46150 | I72: 0 | J72: N/D | K72: Adiantamento | L72: DEVOLVIDO
A73: 72 | B73: COMUNICAÇÃO | C73: Auxílio Financeiro Estudantes | D73: Felipe Cardoso dos Santos | E73: 2026NE001513 | F73: 46128 | G73: 2026OB003512 | H73: 46150 | I73: 850 | J73: N/D | K73: Adiantamento
A74: 73 | B74: COMUNICAÇÃO | C74: Auxílio Financeiro Estudantes | D74: Murilo Lemos Bernardon | E74: 2026NE001513 | F74: 46128 | G74: 2026OB003512 | H74: 46150 | I74: 850 | J74: N/D | K74: Adiantamento
A75: 74 | B75: COMUNICAÇÃO | C75: Auxílio Financeiro Estudantes | D75: Mariana Basso Apolinário | E75: 2026NE001513 | F75: 46128 | G75: 2026OB003512 | H75: 46150 | I75: 850 | J75: N/D | K75: Adiantamento
A76: 75 | B76: COMUNICAÇÃO | C76: Auxílio Financeiro Estudantes | D76: Daniella Paula Rodrigues | E76: 2026NE001513 | F76: 46128 | G76: 2026OB003512 | H76: 46150 | I76: 850 | J76: N/D | K76: Adiantamento
A77: 76 | B77: COMUNICAÇÃO | C77: Auxílio Financeiro Estudantes | D77: Lucas de Mendonça Azevedo | E77: 2026NE001513 | F77: 46128 | G77: 2026OB003512 | H77: 46150 | I77: 850 | J77: N/D | K77: Adiantamento
A78: 77 | B78: COMUNICAÇÃO | C78: Auxílio Financeiro Estudantes | D78: Cintia Silva da Conceição | E78: 2026NE001513 | F78: 46128 | G78: 2026OB003512 | H78: 46150 | I78: 850 | J78: N/D | K78: Adiantamento
A79: 78 | B79: COMUNICAÇÃO | C79: Auxílio Financeiro Estudantes | D79: Victor Finkler Lachowski | E79: 2026NE001513 | F79: 46128 | G79: 2026OB003512 | H79: 46150 | I79: 850 | J79: N/D | K79: Adiantamento
A80: 79 | B80: COMUNICAÇÃO | C80: Auxílio Financeiro Estudantes | D80: Caroline de França Uniga | E80: 2026NE001513 | F80: 46128 | G80: 2026OB003512 | H80: 46150 | I80: 180 | J80: N/D | K80: Adiantamento
A81: 80 | B81: COMUNICAÇÃO | C81: Auxílio Financeiro Estudantes | D81: José Eduardo de Souza Simoes | E81: 2026NE001513 | F81: 46128 | G81: 2026OB003512 | H81: 46150 | I81: 850 | J81: N/D | K81: Adiantamento
A82: 81 | B82: CIENCIA DO SOLO | C82: Auxílio Financeiro Estudantes | D82: Kaline Aparecida Wagner | E82: 2026NE001513 | F82: 46128 | G82: 2026OB003512 | H82: 46150 | I82: 1000 | J82: N/D | K82: Adiantamento
A83: 82 | B83: CIENCIA DO SOLO | C83: Auxílio Financeiro Estudantes | D83: Laura Cristiane Nascimento de Freitas | E83: 2026NE001513 | F83: 46128 | G83: 2026OB004034 | H83: 46167 | I83: 700 | J83: N/D | K83: Adiantamento
A84: 83 | B84: CIENCIA DO SOLO | C84: Auxílio Financeiro Estudantes | D84: Bruna Stewart | E84: 2026NE001513 | F84: 46128 | G84: 2026OB004035 | H84: 46167 | I84: 700 | J84: N/D | K84: Adiantamento
... A90: 89 | B90: ENGENHARIA FLORESTAL | C90: Auxílio Financeiro Estudantes | D90: Arandi Diego Dallarosa | E90: 2026NE001513 | F90: 46128 | G90: 2026OB005587 | H90: 46210 | I90: 1500 | J90: N/D | K90: Adiantamento
A91: 90 | B91: ENGENHARIA AMBIENTAL | C91: Auxílio Financeiro Estudantes | D91: Danilo de Oliveira Sant'Ana | E91: 2026NE001513 | F91: 46128 | G91: 2026OB005587 | H91: 46210 | I91: 0 | J91: N/D | K91: Adiantamento | L91: DEVOLVIDO
A92: 91 | B92: DESENVOLVIMENTO ECONÔMICO | C92: Auxílio Financeiro Estudantes | D92: Caio de Andrade Forcione | E92: 2026NE001513 | F92: 46128 | G92: 2026OB005587 | H92: 46210 | I92: 500 | J92: N/D | K92: Adiantamento
A93: 92 | B93: DESENVOLVIMENTO ECONÔMICO | C93: Auxílio Financeiro Estudantes | D93: Debora Pereira de Paiva | E93: 2026NE001513 | F93: 46128 | G93: 2026OB005587 | H93: 46210 | I93: 500 | J93: N/D | K93: Adiantamento
A94: 93 | B94: MATEMÁTICA | C94: Auxílio Financeiro Estudantes | D94: Gustavo Freire Schafhauser | E94: 2026NE001513 | F94: 46128 | G94: 2026OB005587 | H94: 46210 | I94: 1300 | J94: N/D | K94: Adiantamento
A95: 94 | B95: MATEMÁTICA | C95: Auxílio Financeiro Estudantes | D95: Moroni Menesses Bruch Bora | E95: 2026NE001513 | F95: 46128 | G95: 2026OB005587 | H95: 46210 | I95: 1100 | J95: N/D | K95: Adiantamento
A96: 95 | B96: MATEMÁTICA | C96: Auxílio Financeiro Estudantes | D96: João Gabriel Chiorato | E96: 2026NE001513 | F96: 46128 | G96: 2026OB005587 | H96: 46210 | I96: 1100 | J96: N/D | K96: Adiantamento
A97: 96 | B97: DESENVOLVIMENTO ECONÔMICO | C97: Auxílio Financeiro Estudantes | D97: Maria Heloisa Charello | E97: 2026NE001513 | F97: 46128 | G97: 2026OB005587 | H97: 46210 | I97: 500 | J97: N/D | K97: Adiantamento
A98: 97 | B98: DESENVOLVIMENTO ECONÔMICO | C98: Auxílio Financeiro Estudantes | D98: Luiz Fernando Rotelli Junior | E98: 2026NE001513 | F98: 46128 | G98: 2026OB005587 | H98: 46210 | I98: 500 | J98: N/D | K98: Adiantamento
A99: 98 | B99: ENGENHARIA AMBIENTAL | C99: Auxílio Financeiro Estudantes | D99: Rafael de Carvalho Bueno | E99: 2026NE001513 | F99: 46128 | G99: 2026OB005587 | H99: 46210 | I99: 2100 | J99: N/D | K99: Adiantamento
A100: 99 | B100: EDUCAÇÃO EM CIÊNCIAS, EDUCAÇÃO MATEMÁTICA E TECNOLOGIAS EDUCATIVAS | C100: Auxílio Financeiro Estudantes | D100: Monica Morales Garcia | E100: 2026NE001513 | F100: 46128 | G100: 2026OB005587 | H100: 46210 | I100: 1140 | J100: N/D | K100: Adiantamento
A101: 100 | B101: COMUNICAÇÃO | C101: Auxílio Financeiro Estudantes | D101: Josiany Fiedler Vieira | E101: 2026NE001513 | F101: 46128 | G101: 2026OB005587 | H101: 46210 | I101: 300 | J101: N/D | K101: Adiantamento
A102: 101 | B102: ANTROPOLOGIA E ARQUEOLOGIA | C102: Auxílio Financeiro Estudantes | D102: Laísla Dantas Chagas | E102: 2026NE001513 | F102: 46128 | G102: 2026OB005587 | H102: 46210 | I102: 1500 | J102: N/D | K102: Adiantamento
A103: 102 | B103: ANTROPOLOGIA E ARQUEOLOGIA | C103: Auxílio Financeiro Estudantes | D103: Leticia Zaniol Kayamori | E103: 2026NE001513 | F103: 46128 | G103: 2026OB005587 | H103: 46210 | I103: 1500 | J103: N/D | K103: Adiantamento
... A174: 173 | B174: PROPG | C174: Diárias - Servidores | D174: Edneia Amancio de Souza Ramos Cavalieri | E174: 2026NE001555 | F174: 46129 | G174: 2026OB007006 | H174: 46248 | I174: 1432.46 | J174: 841/26 | K174: Adiantamento
A175: 174 | B175: CIÊNCIAS FARMACÊUTICAS | C175: Material de Consumo | D175: Pró-Lab Materiais para Laboratórios Ltda | E175: 2026NE000624 | F175: 46066 | I175: 58.25 | J175: N/D | K175: Adiantamento
A176: 175 | B176: ENGENHARIA AMBIENTAL | C176: Auxílio Financeiro Estudantes | D176: João Pedro de Castro da Silva | E176: 2026NE000712 | F176: 46076 | G176: 2026OB001073 | H176: 46079 | I176: 720 | J176: N/D | K176: Adiantamento
A177: 176 | B177: ENGENHARIA AMBIENTAL | C177: Auxílio Financeiro Estudantes | D177: Charles Juan Fouto de Lima | E177: 2026NE000710 | F177: 46076 | G177: 2026OB001074 | H177: 46079 | I177: 720 | J177: N/D | K177: Adiantamento
A178: 177 | B178: CIÊNCIAS FARMACÊUTICAS | C178: Reconhecimento Dívida | D178: Saint Vallen Biotecnologia Ltda | E178: 2026NE000882 | F178: 46087 | G178: 2026OB001636 | H178: 46093 | I178: 2244.52 | J178: N/D | K178: Adiantamento
A179: 178 | B179: POLÍTICAS PÚBLICAS | C179: Reconhecimento Dívida | D179: Prato Nobre Refeições Coletivas Ltda | E179: 2026NE000908 | F179: 46090 | G179: 2026OB001652 | H179: 46093 | I179: 4375 | J179: N/D | K179: Adiantamento
A180: 179 | B180: ENGENHARIA ELÉTRICA | C180: Material de Consumo | D180: Buzzbe Agência Ltda | E180: 2026NE000987 | F180: 46094 | G180: CANCELADO | I180: 0 | J180: N/D | K180: Adiantamento | L180: EMPENHO CANCELADO
A181: 180 | B181: TOCOGINECOLOGIA E SAÚDE DA MULHER | C181: Material de Consumo | D181: Qiagen Biotecnologia Brasil Ltda | E181: 2026NE000983 | F181: 46094 | G181: 2026OB005143 | H181: 46202 | I181: 3764 | J181: N/D | K181: Adiantamento
A182: 181 | B182: ALIMENTAÇÃO E NUTRIÇÃO | C182: Material de Consumo | D182: MH3 Indústria e Treinamentos Eireli | E182: 2026NE000929 | F182: 46091 | G182: 2026OB003211 | H182: 46146 | I182: 1005.24 | J182: N/D | K182: Adiantamento
A183: 182 | B183: CIÊNCIAS FARMACÊUTICAS | C183: Material de Consumo | D183: Aminotech - Indústria e Comercio Ltda | E183: 2026NE000974 | F183: 46094 | G183: 2026OB001897 | H183: 46105 | I183: 3190 | J183: N/D | K183: Adiantamento
A184: 183 | B184: CIÊNCIAS FARMACÊUTICAS | C184: Material de Consumo | D184: Sigma-Aldrich Ltda | E184: 2026NE000975 | F184: 46094 | G184: 2026OB002682 | H184: 46125 | I184: 1436 | J184: N/D | K184: Adiantamento
A185: 184 | B185: CIÊNCIAS FARMACÊUTICAS | C185: Material de Consumo | D185: Saint Vallen Biotecnologia Ltda | E185: 2026NE001000 | F185: 46097 | G185: 2026OB003115 | H185: 46142 | I185: 2590 | J185: N/D | K185: Adiantamento
A186: 185 | B186: CIÊNCIAS FARMACÊUTICAS | C186: Material de Consumo | D186: Sigma-Aldrich Ltda | E186: 2026NE001142 | F186: 46105 | G186: 2026OB007483 | H186: 46265 | I186: 1928 | J186: N/D | K186: Adiantamento | L186: Pago parcialmente
A187: 186 | B187: CIÊNCIAS FARMACÊUTICAS | C187: Reconhecimento Dívida | D187: G.I Comercio e Soluções Tecnológicas Ltda | E187: 2026NE001042 | F187: 46098 | G187: 2026OB002041 | H187: 46111 | I187: 1504 | J187: N/D | K187: Adiantamento
A188: 187 | B188: CIÊNCIAS FARMACÊUTICAS | C188: Material de Consumo | D188: Brazdi Importação Exportação Comercio e Serviços de Produtos | E188: 2026NE001292 | F188: 46114 | G188: 2026OB007406 | H188: 46262 | I188: 1548.7 | J188: N/D | K188: Adiantamento
A189: 188 | B189: CIÊNCIAS FARMACÊUTICAS | C189: Reconhecimento Dívida | D189: Campos Soluções Atacadistas Ltda | E189: 2026NE001514 | F189: 46128 | G189: 2026OB002887 | H189: 46135 | I189: 285 | J189: N/D | K189: Adiantamento
A190: 189 | B190: CIÊNCIAS FARMACÊUTICAS | C190: Material de Consumo | D190: Spectrun Bio Engenharia Médica Hospitalar Ltda | E190: 2026NE001740 | F190: 46146 | I190: 755.7 | J190: N/D | K190: Adiantamento
A191: 190 | B191: GESTÃO DA INFORMAÇÃO | C191: Material de Consumo | D191: Newlaser Fotolitos Ltda | E191: 2026NE003692 | F191: 46255 | G191: 2026OB009067 | H191: 46302 | I191: 840 | J191: N/D | K191: PROAP
A192: 191 | B192: GESTÃO DA INFORMAÇÃO | C192: Material de Consumo | D192: Amaro & Bogado Intermediação de Negócios e Vendas Ltda | E192: 2026NE003693 | F192: 46255 | G192: 2026OB009068 | H192: 46302 | I192: 294.4 | J192: N/D | K192: PROAP
A193: 192 | B193: GESTÃO DA INFORMAÇÃO | C193: Material de Consumo | D193: Newlaser Fotolitos Ltda | E193: 2026NE003858 | F193: 46262 | G193: 2026OB009070 | H193: 46302 | I193: 60 | J193: N/D | K193: PROAP
A194: 193 | B194: GESTÃO DA INFORMAÇÃO | C194: Material de Consumo | D194: Newlaser Fotolitos Ltda | E194: 2026NE003859 | F194: 46262 | G194: 2026OB009070 | H194: 46302 | I194: 370 | J194: N/D | K194: PROAP
A195: 194 | B195: GESTÃO DA INFORMAÇÃO | C195: Material de Consumo | D195: JC Soluções Gráficas Ltda | E195: 2026NE003857 | F195: 46262 | I195: 90 | J195: N/D | K195: PROAP
A196: 195 | B196: ALIMENTAÇÃO E NUTRIÇÃO | C196: Material de Consumo | D196: Ambarlab Produtos Laboratoriais Ltda | E196: 2026NE003932 | F196: 46265 | I196: 181.54 | J196: N/D | K196: PROAP
A197: 196 | B197: ALIMENTAÇÃO E NUTRIÇÃO | C197: Material de Consumo | D197: Even Comercial Ltda | E197: 2026NE003931 | F197: 46265 | I197: 159 | J197: N/D | K197: PROAP
A198: 197 | B198: ALIMENTAÇÃO E NUTRIÇÃO | C198: Material de Consumo | D198: Barbara Resende Comercial | E198: 2026NE003930 | F198: 46265 | I198: 32 | J198: N/D | K198: PROAP
A199: 198 | B199: ALIMENTAÇÃO E NUTRIÇÃO | C199: Material de Consumo | D199: Qualy Comercial Ltda | E199: 2026NE003929 | F199: 46265 | G199: 2026OB009069 | H199: 46302 | I199: 54.3 | J199: N/D | K199: PROAP
A200: 199 | B200: EDUCAÇÃO EM CIÊNCIAS E EM MATEMÁTICA | C200: Ressarcimentos | D200: Gabriel dos Santos e Silva | E200: 2026NE001512 | F200: 46128 | G200: 2026OB002856 | H200: 46135 | I200: 2420.62 | J200: N/D | K200: Adiantamento
A201: 200 | B201: CIÊNCIAS FARMACÊUTICAS | C201: Reconhecimento Dívida | D201: Sigma-Aldrich Ltda | E201: 2026NE001564 | F201: 46129 | G201: 2026OB002949 | H201: 46139 | I201: 4201 | J201: N/D | K201: Adiantamento
A202: 201 | B202: ENFERMAGEM | C202: Serviços de Terceiros - PJ | D202: Watson Caring Science Institute | E202: 2026NE001741 | F202: 46146 | G202: 2026OB003648 | H202: 46154 | I202: 2454.5 | J202: N/D | K202: Adiantamento
A203: 202 | B203: ENFERMAGEM | C203: Serviços de Terceiros - PJ | D203: Watson Caring Science Institute | E203: 2026NE001741 | F203: 46146 | G203: 2026OB003649 | H203: 46154 | I203: 433.15 | J203: N/D | K203: Adiantamento
A204: 203 | B204: ENGENHARIA AMBIENTAL | C204: Ressarcimentos | D204: Cynara de Lourdes da Nóbrega Cunha | E204: 2026NE001849 | F204: 46154 | G204: 2026OB003778 | H204: 46160 | I204: 1048.25 | J204: N/D | K204: Adiantamento
A205: 204 | B205: DESIGN | C205: Ressarcimentos | D205: Aguinaldo dos Santos | E205: 2026NE002068 | F205: 46175 | I205: 990 | J205: N/D | K205: Adiantamento
A206: 205 | B206: TURISMO | C206: Serviços de Terceiros - PJ | D206: Panificadora Doce Pão Ltda | E206: 2026NE002149 | F206: 46176 | G206: 2026OB005384 | H206: 46205 | I206: 1890 | J206: N/D | K206: Adiantamento
A207: 206 | B207: ODONTOLOGIA | C207: Material de Consumo | D207: RS Ferreira Servos Comercial | E207: 2026NE002136 | F207: 46176 | I207: 440 | J207: N/D | K207: Adiantamento
A208: 207 | B208: ODONTOLOGIA | C208: Material de Consumo | D208: Biosave Diagnostica Ltda EPP | E208: 2026NE002134 | F208: 46176 | I208: 1480.2 | J208: N/D | K208: Adiantamento
A209: 208 | B209: ODONTOLOGIA | C209: Material de Consumo | D209: Labtek Comercio de Produtos Laboratoriais Eireli | E209: 2026NE002235 | F209: 46182 | I209: 1259.96 | J209: N/D | K209: Adiantamento
A210: 209 | B210: ODONTOLOGIA | C210: Material de Consumo | D210: Diag Solution Artigos Médicos Ltda | E210: 2026NE002256 | F210: 46183 | I210: 103 | J210: N/D | K210: Adiantamento
A211: 210 | B211: ODONTOLOGIA | C211: Material de Consumo | D211: Diag Solution Artigos Médicos Ltda | E211: 2026NE002257 | F211: 46183 | I211: 88 | J211: N/D | K211: Adiantamento
A212: 211 | B212: CIÊNCIAS FARMACÊUTICAS | C212: Reconhecimento Dívida | D212: Matise Ltda | E212: 2026NE002667 | F212: 46211 | G212: 2026OB005972 | H212: 46226 | I212: 85.32 | J212: N/D | K212: Adiantamento
A213: 212 | B213: ANTROPOLOGIA E ARQUEOLOGIA | C213: Serviços de Terceiros - PJ | D213: Associação Nacional de Pesquisa e Pós Graduação em Ciências Sociais | E213: 2026NE003384 | F213: 46246 | G213: 2026OB007294 | H213: 46258 | I213: 1100 | J213: N/D | K213: Adiantamento
A214: 213 | B214: PROPG | C214: Auxílio Financeiro Estudantes | D214: Julia Pasquali | E214: 2026NE001513 | F214: 46128 | G214: 2026OB007261 | H214: 46255 | I214: 1435 | J214: N/D | K214: Adiantamento
A215: 214 | B215: ENGENHARIA ELÉTRICA | C215: Auxílio Financeiro Estudantes | D215: Andrés Alfredo Cárdenas López | E215: 2026NE001513 | F215: 46128 | G215: 2026OB007261 | H215: 46255 | I215: 1937.77 | J215: N/D | K215: Adiantamento
A216: 215 | B216: DESENVOLVIMENTO ECONÔMICO | C216: Auxílio Financeiro Estudantes | D216: Arthur Henrique Delconte Ferreira Pavezzi | E216: 2026NE001513 | F216: 46128 | G216: 2026OB007261 | H216: 46255 | I216: 500 | J216: N/D | K216: Adiantamento
A217: 216 | B217: PROPG | C217: Auxílio Financeiro Estudantes | D217: Gabriela Casani Cardoso | E217: 2026NE001513 | F217: 46128 | G217: 2026OB007261 | H217: 46255 | I217: 2172.91 | J217: N/D | K217: Adiantamento
A218: 217 | B218: CONTABILIDADE | C218: Auxílio Financeiro Estudantes | D218: Edson Augusto Caffe Araujo | E218: 2026NE001513 | F218: 46128 | G218: 2026OB007261 | H218: 46255 | I218: 753.8 | J218: N/D | K218: Adiantamento
A219: 218 | B219: CONTABILIDADE | C219: Auxílio Financeiro Estudantes | D219: Camila Helfenstein | E219: 2026NE001513 | F219: 46128 | G219: 2026OB007261 | H219: 46255 | I219: 1309.71 | J219: N/D | K219: Adiantamento
A220: 219 | B220: CONTABILIDADE | C220: Auxílio Financeiro Estudantes | D220: Isabel Cristina Sousa Freitas | E220: 2026NE001513 | F220: 46128 | G220: 2026OB007261 | H220: 46255 | I220: 1500 | J220: N/D | K220: Adiantamento
A221: 220 | B221: CONTABILIDADE | C221: Auxílio Financeiro Estudantes | D221: Ersan Rafael Holstein | E221: 2026NE001513 | F221: 46128 | G221: 2026OB007261 | H221: 46255 | I221: 1323.65 | J221: N/D | K221: Adiantamento
A222: 221 | B222: CONTABILIDADE | C222: Auxílio Financeiro Estudantes | D222: Cesiro Aparecido da Cunha Junior | E222: 2026NE001513 | F222: 46128 | G222: 2026OB007261 | H222: 46255 | I222: 1500 | J222: N/D | K222: Adiantamento
A223: 222 | B223: CONTABILIDADE | C223: Auxílio Financeiro Estudantes | D223: Felipe de Souza de Lima | E223: 2026NE001513 | F223: 46128 | G223: 2026OB007261 | H223: 46255 | I223: 1318.83 | J223: N/D | K223: Adiantamento
... A229: 228 | B229: GESTÃO DA INFORMAÇÃO | C229: Passagens Aéreas/Terrestres | D229: Claudia Andrea Lima Cardoso | E229: 2026NE000850 | F229: 46085 | G229: 2026OB003599 | H229: 46153 | I229: 694.54 | J229: 435/26 | K229: Adiantamento
A230: 229 | B230: ENGENHARIA FLORESTAL | C230: Material de Consumo | D230: Secure Gestão de Saúde e Segurança no Trabalho Ltda | E230: 2026NE003972 | F230: 46267 | I230: 601.4 | J230: N/D | K230: PROAP
A231: 230 | B231: ALIMENTAÇÃO E NUTRIÇÃO | C231: Material de Consumo | D231: Liamed - Distribuidora de Materiais Médicos Hospitalares Ltda | E231: 2026NE003971 | F231: 46267 | I231: 23.4 | J231: N/D | K231: PROAP
A232: 231 | B232: ENGENHARIA FLORESTAL | C232: Material de Consumo | D232: Mercado Tem de Tudo Recepção e Buffet Ltda | E232: 2026NE003969 | F232: 46267 | I232: 116.6 | J232: N/D | K232: PROAP
A233: 232 | B233: ALIMENTAÇÃO E NUTRIÇÃO | C233: Material de Consumo | D233: Joel Sirqueira Longo | E233: 2026NE003974 | F233: 46267 | G233: CANCELADO | I233: 0 | J233: N/D | K233: PROAP | L233: EMPENHO CANCELADO
A234: 233 | B234: ALIMENTAÇÃO E NUTRIÇÃO | C234: Material de Consumo | D234: Lab Vision - Comercio de Produtos Laboratoriais Ltda | E234: 2026NE003973 | F234: 46267 | I234: 24.87 | J234: N/D | K234: PROAP
A235: 234 | B235: ALIMENTAÇÃO E NUTRIÇÃO | C235: Material de Consumo | D235: RGN Instrumentos e Equipamentos Médicos Ltda | E235: 2026NE003977 | F235: 46267 | G235: 2026OB009044 | H235: 46302 | I235: 18.38 | J235: N/D | K235: PROAP
A236: 235 | B236: PROPG | C236: Passagens Aéreas/Terrestres | D236: Edneia Amancio de Souza Ramos Cavalieri | E236: 2026NE001595 | F236: 46134 | G236: 2026OB003600 | H236: 46153 | I236: 981.97 | J236: 489/26 | K236: Adiantamento
A237: 236 | B237: ENFERMAGEM | C237: Passagens Aéreas/Terrestres | D237: Jorge Vinicius Cestari Félix | E237: 2026NE001594 | F237: 46134 | G237: 2026OB003618 | H237: 46153 | I237: 2761.82 | J237: 417/26 | K237: Adiantamento
...

Sheet Saldos 
A1: Recurso | B1: PPG | C1: Valor liberado | D1: Valor Gasto | E1: SALDO ATUAL | G1: =TODAY() -> 46307 | H1: % Executado | J1: Distribuição por Elemento de Despesa
A2: PROEX | B2: ADMINISTRAÇÃO | D2: ='Gastos por Rubrica'!B2 -> 0 | E2: EXECUTADO PELO PPG | J2: Diárias - Servidores | K2: 339014 | L2: 255000
A3: PROEX | B3: AGRONOMIA (PRODUÇÃO VEGETAL) | D3: ='Gastos por Rubrica'!B3 -> 0 | E3: EXECUTADO PELO PPG | J3: Auxílio Financeiro Estudantes | K3: 339018 | L3: 334564
A4: PROAP | B4: ALIMENTAÇÃO E NUTRIÇÃO | C4: 20000 | D4: ='Gastos por Rubrica'!B4 -> 6567.04 | E4: =C4-D4 -> 13432.96 | H4: =D4/C4 -> 0.328352 | J4: Auxílio Financeiro Pesquisador | K4: 339020 | L4: 90000
A5: PROAP | B5: ANTROPOLOGIA E ARQUEOLOGIA | C5: 49476 | D5: ='Gastos por Rubrica'!B5 -> 23894.35 | E5: =C5-D5 -> 25581.65 | H5: =D5/C5 -> 0.4829483 | J5: Material de Consumo | K5: 339030 | L5: 390000
A6: PROAP | B6: AQUICULTURA E DESENVOLVIMENTO SUSTENTÁVEL | C6: 20000 | D6: ='Gastos por Rubrica'!B6 -> 7686.08 | E6: =C6-D6 -> 12313.92 | H6: =D6/C6 -> 0.384304 | J6: Passagens Aéreas/Terrestres | K6: 339033 | L6: 100000
A7: PROAP | B7: BIOINFORMÁTICA | C7: 20000 | D7: ='Gastos por Rubrica'!B7 -> 16292.43 | E7: =C7-D7 -> 3707.57 | H7: =D7/C7 -> 0.8146215 | J7: Serviços de PF/Diárias de Colaboradores | K7: 339036 | L7: 200000
A8: PROAP | B8: BIOLOGIA CELULAR E MOLECULAR | C8: 34794 | D8: ='Gastos por Rubrica'!B8 -> 27491.39 | E8: =C8-D8 -> 7302.61 | H8: =D8/C8 -> 0.7901187 | J8: Serviços de Terceiros - PJ | K8: 339039 | L8: 1025000
A9: PROAP | B9: BIOTECNOLOGIA | C9: 20000 | D9: ='Gastos por Rubrica'!B9 -> 1113.28 | E9: =C9-D9 -> 18886.72 | H9: =D9/C9 -> 0.055664 | J9: Serviços de TIC | K9: 339040 | L9: 100000
A10: PROAP | B10: BOTÂNICA | C10: 27680 | D10: ='Gastos por Rubrica'!B10 -> 10151.83 | E10: =C10-D10 -> 17528.17 | H10: =D10/C10 -> 0.36675686 | J10: Obrigações Tributárias | K10: 339147 | L10: 10000
A11: PROAP | B11: CIÊNCIA ANIMAL | C11: 30242 | D11: ='Gastos por Rubrica'!B11 -> 5251.64 | E11: =C11-D11 -> 24990.36 | H11: =D11/C11 -> 0.17365386 | J11: Ressarcimentos | K11: TOTAL | L11: =SUM(L2:L10) -> 2504564
A12: PROAP | B12: CIENCIA DO SOLO | C12: 42890 | D12: ='Gastos por Rubrica'!B12 -> 10630.38 | E12: =C12-D12 -> 32259.62 | H12: =D12/C12 -> 0.24785218 | J12: Reconhecimento Dívida
A13: PROEX | B13: CIÊNCIA POLÍTICA | D13: ='Gastos por Rubrica'!B13 -> 0 | E13: EXECUTADO PELO PPG
A14: PROEX | B14: CIÊNCIAS (BIOQUÍMICA) | D14: ='Gastos por Rubrica'!B14 -> 0 | E14: EXECUTADO PELO PPG
A15: PROAP | B15: CIÊNCIAS BIOLÓGICAS (ENTOMOLOGIA) | C15: 41684 | D15: ='Gastos por Rubrica'!B15 -> 4569.1 | E15: =C15-D15 -> 37114.9 | H15: =D15/C15 -> 0.1096128
A16: PROAP | B16: CIÊNCIAS FARMACÊUTICAS | C16: 101592 | D16: ='Gastos por Rubrica'!B16 -> 107054.17 | E16: =C16-D16 -> -5462.17 | H16: =D16/C16 -> 1.0537657
A17: PROAP | B17: CIÊNCIAS GEODÉSICAS | C17: 45328 | D17: ='Gastos por Rubrica'!B17 -> 11122.21 | E17: =C17-D17 -> 34205.79 | H17: =D17/C17 -> 0.24537173
A18: PROEX | B18: CIÊNCIAS VETERINÁRIAS | D18: ='Gastos por Rubrica'!B18 -> 0 | E18: EXECUTADO PELO PPG
A19: PROAP | B19: COMUNICAÇÃO | C19: 68130 | D19: ='Gastos por Rubrica'!B19 -> 38422.86 | E19: =C19-D19 -> 29707.14 | H19: =D19/C19 -> 0.56396389
A20: PROAP | B20: CONTABILIDADE | C20: 43494 | D20: ='Gastos por Rubrica'!B20 -> 20773.15 | E20: =C20-D20 -> 22720.85 | H20: =D20/C20 -> 0.47760956
A21: PROAP | B21: DESENVOLVIMENTO ECONÔMICO | C21: 36378 | D21: ='Gastos por Rubrica'!B21 -> 16271.68 | E21: =C21-D21 -> 20106.32 | H21: =D21/C21 -> 0.44729452
A22: PROAP | B22: DESENVOLVIMENTO TERRITORIAL SUSTENTÁVEL | C22: 20000 | D22: ='Gastos por Rubrica'!B22 -> 8195.49 | E22: =C22-D22 -> 11804.51 | H22: =D22/C22 -> 0.4097745
A23: PROAP | B23: DESIGN | C23: 47842 | D23: ='Gastos por Rubrica'!B23 -> 6808.86 | E23: =C23-D23 -> 41033.14 | H23: =D23/C23 -> 0.14231972
A24: PROEX | B24: DIREITO | D24: ='Gastos por Rubrica'!B24 -> 0 | E24: EXECUTADO PELO PPG
A25: PROEX | B25: ECOLOGIA E CONSERVAÇÃO | D25: ='Gastos por Rubrica'!B25 -> 0 | E25: EXECUTADO PELO PPG
A26: PROEX | B26: EDUCAÇÃO | D26: ='Gastos por Rubrica'!B26 -> 0 | E26: EXECUTADO PELO PPG
A27: PROAP | B27: EDUCAÇÃO EM CIÊNCIAS E EM MATEMÁTICA | C27: 71108 | D27: ='Gastos por Rubrica'!B27 -> 23680.91 | E27: =C27-D27 -> 47427.09 | H27: =D27/C27 -> 0.33302737
A28: PROAP | B28: EDUCAÇÃO EM CIÊNCIAS, EDUCAÇÃO MATEMÁTICA E TECNOLOGIAS EDUCATIVAS | C28: 20000 | D28: ='Gastos por Rubrica'!B28 -> 18112.64 | E28: =C28-D28 -> 1887.36 | H28: =D28/C28 -> 0.905632
A29: PROEX | B29: EDUCAÇÃO FÍSICA | D29: ='Gastos por Rubrica'!B29 -> 0 | E29: EXECUTADO PELO PPG
A30: PROAP | B30: ENFERMAGEM | C30: 68060 | D30: ='Gastos por Rubrica'!B30 -> 41294.21 | E30: =C30-D30 -> 26765.79 | H30: =D30/C30 -> 0.60673244
A31: PROAP | B31: ENGENHARIA AMBIENTAL | C31: 20000 | D31: ='Gastos por Rubrica'!B31 -> 14708.25 | E31: =C31-D31 -> 5291.75 | H31: =D31/C31 -> 0.7354125
A32: PROAP | B32: ENGENHARIA CIVIL | C32: 58924 | D32: ='Gastos por Rubrica'!B32 -> 20719.41 | E32: =C32-D32 -> 38204.59 | H32: =D32/C32 -> 0.35162939
A33: PROEX | B33: ENGENHARIA DE ALIMENTOS | D33: ='Gastos por Rubrica'!B33 -> 0 | E33: EXECUTADO PELO PPG
A34: PROEX | B34: ENGENHARIA DE BIOPROCESSOS E BIOTECNOLOGIA | D34: ='Gastos por Rubrica'!B34 -> 0 | E34: EXECUTADO PELO PPG
A35: PROAP | B35: ENGENHARIA DE PRODUÇÃO | C35: 20000 | D35: ='Gastos por Rubrica'!B35 -> 9129.47 | E35: =C35-D35 -> 10870.53 | H35: =D35/C35 -> 0.4564735
A36: PROAP | B36: ENGENHARIA DE RECURSOS HÍDRICOS E AMBIENTAL | C36: 38134 | D36: ='Gastos por Rubrica'!B36 -> 10479.71 | E36: =C36-D36 -> 27654.29 | H36: =D36/C36 -> 0.27481277
A37: PROAP | B37: ENGENHARIA E CIÊNCIA DOS MATERIAIS | C37: 44448 | D37: ='Gastos por Rubrica'!B37 -> 29280.24 | E37: =C37-D37 -> 15167.76 | H37: =D37/C37 -> 0.6587527
A38: Em rede | B38: ENGENHARIA E TECNOLOGIA AMBIENTAL | D38: ='Gastos por Rubrica'!B38 -> 0 | E38: EM REDE - EXECUTADO PELO PPG
A39: PROAP | B39: ENGENHARIA ELÉTRICA | C39: 54002 | D39: ='Gastos por Rubrica'!B39 -> 24932.56 | E39: =C39-D39 -> 29069.44 | H39: =D39/C39 -> 0.46169697
A40: PROAP | B40: ENGENHARIA FLORESTAL | C40: 94442 | D40: ='Gastos por Rubrica'!B40 -> 56780.59 | E40: =C40-D40 -> 37661.41 | H40: =D40/C40 -> 0.60122181
A41: PROAP | B41: ENGENHARIA MECÂNICA | C41: 73536 | D41: ='Gastos por Rubrica'!B41 -> 37331.03 | E41: =C41-D41 -> 36204.97 | H41: =D41/C41 -> 0.50765652
A42: PROAP | B42: ENGENHARIA QUÍMICA | C42: 40482 | D42: ='Gastos por Rubrica'!B42 -> 6707.77 | E42: =C42-D42 -> 33774.23 | H42: =D42/C42 -> 0.16569759
A43: PROAP | B43: FARMACOLOGIA | C43: 31376 | D43: ='Gastos por Rubrica'!B43 -> 20850.52 | E43: =C43-D43 -> 10525.48 | H43: =D43/C43 -> 0.66453723
A44: PROEX | B44: FILOSOFIA | D44: ='Gastos por Rubrica'!B44 -> 0 | E44: EXECUTADO PELO PPG
A45: PROEX | B45: FÍSICA | D45: ='Gastos por Rubrica'!B45 -> 0 | E45: EXECUTADO PELO PPG
A46: PROAP | B46: FISIOLOGIA | C46: 20000 | D46: ='Gastos por Rubrica'!B46 -> 16163.06 | E46: =C46-D46 -> 3836.94 | H46: =D46/C46 -> 0.808153
A47: PROAP | B47: GENÉTICA | C47: 37812 | D47: ='Gastos por Rubrica'!B47 -> 31993.12 | E47: =C47-D47 -> 5818.88 | H47: =D47/C47 -> 0.84611023
A48: PROEX | B48: GEOGRAFIA | D48: ='Gastos por Rubrica'!B48 -> 0 | E48: EXECUTADO PELO PPG
A49: PROAP | B49: GEOLOGIA | C49: 37510 | D49: ='Gastos por Rubrica'!B49 -> 0 | E49: =C49-D49 -> 37510 | H49: =D49/C49 -> 0
A50: PROAP | B50: GESTÃO DA INFORMAÇÃO | C50: 48058 | D50: ='Gastos por Rubrica'!B50 -> 34403.42 | E50: =C50-D50 -> 13654.58 | H50: =D50/C50 -> 0.7158729
A51: PROEX | B51: HISTÓRIA | D51: ='Gastos por Rubrica'!B51 -> 0 | E51: EXECUTADO PELO PPG
A52: PROEX | B52: INFORMÁTICA | D52: ='Gastos por Rubrica'!B52 -> 0 | E52: EXECUTADO PELO PPG
A53: PROEX | B53: LETRAS | D53: ='Gastos por Rubrica'!B53 -> 0 | E53: EXECUTADO PELO PPG
A54: PROAP | B54: MATEMÁTICA | C54: 20880 | D54: ='Gastos por Rubrica'!B54 -> 19626.46 | E54: =C54-D54 -> 1253.54 | H54: =D54/C54 -> 0.93996456
A55: PROAP | B55: MEDICINA (CLÍNICA CIRÚRGICA) | C55: 24164 | D55: ='Gastos por Rubrica'!B55 -> 0 | E55: =C55-D55 -> 24164 | H55: =D55/C55 -> 0
A56: PROAP | B56: MEDICINA INTERNA E CIÊNCIAS DA SAÚDE | C56: 74240 | D56: ='Gastos por Rubrica'!B56 -> 67524.6 | E56: =C56-D56 -> 6715.4 | H56: =D56/C56 -> 0.90954472
A57: PROAP | B57: MEIO AMBIENTE E DESENVOLVIMENTO | C57: 41404 | D57: ='Gastos por Rubrica'!B57 -> 1332.18 | E57: =C57-D57 -> 40071.82 | H57: =D57/C57 -> 0.032175152
A58: PROAP | B58: MÉTODOS NUMÉRICOS EM ENGENHARIA | C58: 43858 | D58: ='Gastos por Rubrica'!B58 -> 10886.18 | E58: =C58-D58 -> 32971.82 | H58: =D58/C58 -> 0.24821424
A59: PROAP | B59: MICROBIOLOGIA, PARASITOLOGIA E PATOLOGIA | C59: 36304 | D59: ='Gastos por Rubrica'!B59 -> 28789.28 | E59: =C59-D59 -> 7514.72 | H59: =D59/C59 -> 0.79300573
A60: PROAP | B60: MÚSICA | C60: 30684 | D60: ='Gastos por Rubrica'!B60 -> 9293.61 | E60: =C60-D60 -> 21390.39 | H60: =D60/C60 -> 0.30288131
A61: PROAP | B61: ODONTOLOGIA | C61: 42496 | D61: ='Gastos por Rubrica'!B61 -> 20485.74 | E61: =C61-D61 -> 22010.26 | H61: =D61/C61 -> 0.48206278
A62: PROAP | B62: PLANEJAMENTO URBANO | C62: 20000 | D62: ='Gastos por Rubrica'!B62 -> 17121.28 | E62: =C62-D62 -> 2878.72 | H62: =D62/C62 -> 0.856064
A63: PROAP | B63: POLÍTICAS PÚBLICAS | C63: 69056 | D63: ='Gastos por Rubrica'!B63 -> 23050.75 | E63: =C63-D63 -> 46005.25 | H63: =D63/C63 -> 0.33379793
A64: PROAP | B64: PROPG | C64: 218400 | D64: ='Gastos por Rubrica'!B64 -> 61506.99 | E64: =C64-D64 -> 156893.01 | H64: =D64/C64 -> 0.28162541
A65: PROAP | B65: PSICOLOGIA | C65: 79444 | D65: ='Gastos por Rubrica'!B65 -> 43339.09 | E65: =C65-D65 -> 36104.91 | H65: =D65/C65 -> 0.54553006
A66: PROEX | B66: QUÍMICA | D66: ='Gastos por Rubrica'!B66 -> 0 | E66: EXECUTADO PELO PPG
A67: PROAP | B67: SAÚDE COLETIVA | C67: 20000 | D67: ='Gastos por Rubrica'!B67 -> 11159.92 | E67: =C67-D67 -> 8840.08 | H67: =D67/C67 -> 0.557996
A68: PROAP | B68: SAÚDE DA CRIANÇA E DO ADOLESCENTE | C68: 20000 | D68: ='Gastos por Rubrica'!B68 -> 16163.25 | E68: =C68-D68 -> 3836.75 | H68: =D68/C68 -> 0.8081625
A69: PROAP | B69: SISTEMAS COSTEIROS E OCEÂNICOS | C69: 33790 | D69: ='Gastos por Rubrica'!B69 -> 30517.08 | E69: =C69-D69 -> 3272.92 | H69: =D69/C69 -> 0.90313939
A70: PROAP | B70: SOCIOLOGIA | C70: 77684 | D70: ='Gastos por Rubrica'!B70 -> 38435.19 | E70: =C70-D70 -> 39248.81 | H70: =D70/C70 -> 0.49476327
A71: PROAP | B71: TOCOGINECOLOGIA E SAÚDE DA MULHER | C71: 20000 | D71: ='Gastos por Rubrica'!B71 -> 3764 | E71: =C71-D71 -> 16236 | H71: =D71/C71 -> 0.1882
A72: PROAP | B72: TURISMO | C72: 20000 | D72: ='Gastos por Rubrica'!B72 -> 16469.06 | E72: =C72-D72 -> 3530.94 | H72: =D72/C72 -> 0.823453
A73: PROAP | B73: ZOOLOGIA | C73: 31740 | D73: ='Gastos por Rubrica'!B73 -> 32064.45 | E73: =C73-D73 -> -324.45 | H73: =D73/C73 -> 1.0102221
A74: PROAP | B74: ZOOTECNIA | C74: 30818 | D74: ='Gastos por Rubrica'!B74 -> 16102 | E74: =C74-D74 -> 14716 | H74: =D74/C74 -> 0.52248686
C76: =SUM(C4:C74) -> 2402384 | D76: =SUM(D4:D74) -> 1186494 | H76: =D76/C76 -> 0.49388189

Sheet Gastos por Rubrica
A1: PPG | B1: Total Gasto | C1: Auxílio Financeiro Estudantes | D1: Diárias - Servidores | E1: Serviços de PF/Diárias de Colaboradores | F1: Passagens Aéreas/Terrestres | G1: Material de Consumo | H1: Serviços de Terceiros - PJ | I1: Auxílio Financeiro Pesquisador | J1: Serviços de TIC | K1: Obrigações Tributárias | L1: Ressarcimentos | M1: Reconhecimento Dívida
A2: ADMINISTRAÇÃO | B2: =SUM(C2:M2) -> 0 | C2: =SUMIFS(Lançamentos!$I$2:$I$2004,Lançamentos!$B$2:$B$2004,A2,Lançamentos!$C$2:$C$2004,$C$1) -> 0 | D2: =SUMIFS(Lançamentos!$I$2:$I$2004,Lançamentos!$B$2:$B$2004,A2,Lançamentos!$C$2:$C$2004,$D$1) -> 0 | E2: =SUMIFS(Lançamentos!$I$2:$I$2004,Lançamentos!$B$2:$B$2004,A2,Lançamentos!$C$2:$C$2004,$E$1) -> 0 | F2: =SUMIFS(Lançamentos!$I$2:$I$2004,Lançamentos!$B$2:$B$2004,A2,Lançamentos!$C$2:$C$2004,$F$1) -> 0 | G2: =SUMIFS(Lançamentos!$I$2:$I$2004,Lançamentos!$B$2:$B$2004,A2,Lançamentos!$C$2:$C$2004,$G$1) -> 0 | H2: =SUMIFS(Lançamentos!$I$2:$I$2004,Lançamentos!$B$2:$B$2004,A2,Lançamentos!$C$2:$C$2004,$H$1) -> 0 | I2: =SUMIFS(Lançamentos!$I$2:$I$2004,Lançamentos!$B$2:$B$2004,A2,Lançamentos!$C$2:$C$2004,$I$1) -> 0 | J2: =SUMIFS(Lançamentos!$I$2:$I$2004,Lançamentos!$B$2:$B$2004,A2,Lançamentos!$C$2:$C$2004,$J$1) -> 0 | K2: =SUMIFS(Lançamentos!$I$2:$I$2004,Lançamentos!$B$2:$B$2004,A2,Lançamentos!$C$2:$C$2004,$K$1) -> 0 | L2: =SUMIFS(Lançamentos!$I$2:$I$2004,Lançamentos!$B$2:$B$2004,A2,Lançamentos!$C$2:$C$2004,$L$1) -> 0 | M2: =SUMIFS(Lançamentos!$I$2:$I$2004,Lançamentos!$B$2:$B$2004,A2,Lançamentos!$C$2:$C$2004,$M$1) -> 0
A3: AGRONOMIA (PRODUÇÃO VEGETAL) | B3: =SUM(C3:M3) -> 0 | C3: =SUMIFS(Lançamentos!$I$2:$I$2004,Lançamentos!$B$2:$B$2004,A3,Lançamentos!$C$2:$C$2004,$C$1) -> 0 | D3: =SUMIFS(Lançamentos!$I$2:$I$2004,Lançamentos!$B$2:$B$2004,A3,Lançamentos!$C$2:$C$2004,$D$1) -> 0 | E3: =SUMIFS(Lançamentos!$I$2:$I$2004,Lançamentos!$B$2:$B$2004,A3,Lançamentos!$C$2:$C$2004,$E$1) -> 0 | F3: =SUMIFS(Lançamentos!$I$2:$I$2004,Lançamentos!$B$2:$B$2004,A3,Lançamentos!$C$2:$C$2004,$F$1) -> 0 | G3: =SUMIFS(Lançamentos!$I$2:$I$2004,Lançamentos!$B$2:$B$2004,A3,Lançamentos!$C$2:$C$2004,$G$1) -> 0 | H3: =SUMIFS(Lançamentos!$I$2:$I$2004,Lançamentos!$B$2:$B$2004,A3,Lançamentos!$C$2:$C$2004,$H$1) -> 0 | I3: =SUMIFS(Lançamentos!$I$2:$I$2004,Lançamentos!$B$2:$B$2004,A3,Lançamentos!$C$2:$C$2004,$I$1) -> 0 | J3: =SUMIFS(Lançamentos!$I$2:$I$2004,Lançamentos!$B$2:$B$2004,A3,Lançamentos!$C$2:$C$2004,$J$1) -> 0 | K3: =SUMIFS(Lançamentos!$I$2:$I$2004,Lançamentos!$B$2:$B$2004,A3,Lançamentos!$C$2:$C$2004,$K$1) -> 0 | L3: =SUMIFS(Lançamentos!$I$2:$I$2004,Lançamentos!$B$2:$B$2004,A3,Lançamentos!$C$2:$C$2004,$L$1) -> 0 | M3: =SUMIFS(Lançamentos!$I$2:$I$2004,Lançamentos!$B$2:$B$2004,A3,Lançamentos!$C$2:$C$2004,$M$1) -> 0
A4: ALIMENTAÇÃO E NUTRIÇÃO | B4: =SUM(C4:M4) -> 6567.04 | C4: =SUMIFS(Lançamentos!$I$2:$I$2004,Lançamentos!$B$2:$B$2004,A4,Lançamentos!$C$2:$C$2004,$C$1) -> 1000 | D4: =SUMIFS(Lançamentos!$I$2:$I$2004,Lançamentos!$B$2:$B$2004,A4,Lançamentos!$C$2:$C$2004,$D$1) -> 1389.1 | E4: =SUMIFS(Lançamentos!$I$2:$I$2004,Lançamentos!$B$2:$B$2004,A4,Lançamentos!$C$2:$C$2004,$E$1) -> 0 | F4: =SUMIFS(Lançamentos!$I$2:$I$2004,Lançamentos!$B$2:$B$2004,A4,Lançamentos!$C$2:$C$2004,$F$1) -> 0 | G4: =SUMIFS(Lançamentos!$I$2:$I$2004,Lançamentos!$B$2:$B$2004,A4,Lançamentos!$C$2:$C$2004,$G$1) -> 2511.28 | H4: =SUMIFS(Lançamentos!$I$2:$I$2004,Lançamentos!$B$2:$B$2004,A4,Lançamentos!$C$2:$C$2004,$H$1) -> 0 | I4: =SUMIFS(Lançamentos!$I$2:$I$2004,Lançamentos!$B$2:$B$2004,A4,Lançamentos!$C$2:$C$2004,$I$1) -> 1666.66 | J4: =SUMIFS(Lançamentos!$I$2:$I$2004,Lançamentos!$B$2:$B$2004,A4,Lançamentos!$C$2:$C$2004,$J$1) -> 0 | K4: =SUMIFS(Lançamentos!$I$2:$I$2004,Lançamentos!$B$2:$B$2004,A4,Lançamentos!$C$2:$C$2004,$K$1) -> 0 | L4: =SUMIFS(Lançamentos!$I$2:$I$2004,Lançamentos!$B$2:$B$2004,A4,Lançamentos!$C$2:$C$2004,$L$1) -> 0 | M4: =SUMIFS(Lançamentos!$I$2:$I$2004,Lançamentos!$B$2:$B$2004,A4,Lançamentos!$C$2:$C$2004,$M$1) -> 0
A5: ANTROPOLOGIA E ARQUEOLOGIA | B5: =SUM(C5:M5) -> 23894.35 | C5: =SUMIFS(Lançamentos!$I$2:$I$2004,Lançamentos!$B$2:$B$2004,A5,Lançamentos!$C$2:$C$2004,$C$1) -> 19500 | D5: =SUMIFS(Lançamentos!$I$2:$I$2004,Lançamentos!$B$2:$B$2004,A5,Lançamentos!$C$2:$C$2004,$D$1) -> 1873.28 | E5: =SUMIFS(Lançamentos!$I$2:$I$2004,Lançamentos!$B$2:$B$2004,A5,Lançamentos!$C$2:$C$2004,$E$1) -> 0 | F5: =SUMIFS(Lançamentos!$I$2:$I$2004,Lançamentos!$B$2:$B$2004,A5,Lançamentos!$C$2:$C$2004,$F$1) -> 1421.07 | G5: =SUMIFS(Lançamentos!$I$2:$I$2004,Lançamentos!$B$2:$B$2004,A5,Lançamentos!$C$2:$C$2004,$G$1) -> 0 | H5: =SUMIFS(Lançamentos!$I$2:$I$2004,Lançamentos!$B$2:$B$2004,A5,Lançamentos!$C$2:$C$2004,$H$1) -> 1100 | I5: =SUMIFS(Lançamentos!$I$2:$I$2004,Lançamentos!$B$2:$B$2004,A5,Lançamentos!$C$2:$C$2004,$I$1) -> 0 | J5: =SUMIFS(Lançamentos!$I$2:$I$2004,Lançamentos!$B$2:$B$2004,A5,Lançamentos!$C$2:$C$2004,$J$1) -> 0 | K5: =SUMIFS(Lançamentos!$I$2:$I$2004,Lançamentos!$B$2:$B$2004,A5,Lançamentos!$C$2:$C$2004,$K$1) -> 0 | L5: =SUMIFS(Lançamentos!$I$2:$I$2004,Lançamentos!$B$2:$B$2004,A5,Lançamentos!$C$2:$C$2004,$L$1) -> 0 | M5: =SUMIFS(Lançamentos!$I$2:$I$2004,Lançamentos!$B$2:$B$2004,A5,Lançamentos!$C$2:$C$2004,$M$1) -> 0
A6: AQUICULTURA E DESENVOLVIMENTO SUSTENTÁVEL | B6: =SUM(C6:M6) -> 7686.08 | C6: =SUMIFS(Lançamentos!$I$2:$I$2004,Lançamentos!$B$2:$B$2004,A6,Lançamentos!$C$2:$C$2004,$C$1) -> 1636.36 | D6: =SUMIFS(Lançamentos!$I$2:$I$2004,Lançamentos!$B$2:$B$2004,A6,Lançamentos!$C$2:$C$2004,$D$1) -> 6049.72 | E6: =SUMIFS(Lançamentos!$I$2:$I$2004,Lançamentos!$B$2:$B$2004,A6,Lançamentos!$C$2:$C$2004,$E$1) -> 0 | F6: =SUMIFS(Lançamentos!$I$2:$I$2004,Lançamentos!$B$2:$B$2004,A6,Lançamentos!$C$2:$C$2004,$F$1) -> 0 | G6: =SUMIFS(Lançamentos!$I$2:$I$2004,Lançamentos!$B$2:$B$2004,A6,Lançamentos!$C$2:$C$2004,$G$1) -> 0 | H6: =SUMIFS(Lançamentos!$I$2:$I$2004,Lançamentos!$B$2:$B$2004,A6,Lançamentos!$C$2:$C$2004,$H$1) -> 0 | I6: =SUMIFS(Lançamentos!$I$2:$I$2004,Lançamentos!$B$2:$B$2004,A6,Lançamentos!$C$2:$C$2004,$I$1) -> 0 | J6: =SUMIFS(Lançamentos!$I$2:$I$2004,Lançamentos!$B$2:$B$2004,A6,Lançamentos!$C$2:$C$2004,$J$1) -> 0 | K6: =SUMIFS(Lançamentos!$I$2:$I$2004,Lançamentos!$B$2:$B$2004,A6,Lançamentos!$C$2:$C$2004,$K$1) -> 0 | L6: =SUMIFS(Lançamentos!$I$2:$I$2004,Lançamentos!$B$2:$B$2004,A6,Lançamentos!$C$2:$C$2004,$L$1) -> 0 | M6: =SUMIFS(Lançamentos!$I$2:$I$2004,Lançamentos!$B$2:$B$2004,A6,Lançamentos!$C$2:$C$2004,$M$1) -> 0
A7: BIOINFORMÁTICA | B7: =SUM(C7:M7) -> 16292.43 | C7: =SUMIFS(Lançamentos!$I$2:$I$2004,Lançamentos!$B$2:$B$2004,A7,Lançamentos!$C$2:$C$2004,$C$1) -> 2066.35 | D7: =SUMIFS(Lançamentos!$I$2:$I$2004,Lançamentos!$B$2:$B$2004,A7,Lançamentos!$C$2:$C$2004,$D$1) -> 1365.78 | E7: =SUMIFS(Lançamentos!$I$2:$I$2004,Lançamentos!$B$2:$B$2004,A7,Lançamentos!$C$2:$C$2004,$E$1) -> 0 | F7: =SUMIFS(Lançamentos!$I$2:$I$2004,Lançamentos!$B$2:$B$2004,A7,Lançamentos!$C$2:$C$2004,$F$1) -> 1331.78 | G7: =SUMIFS(Lançamentos!$I$2:$I$2004,Lançamentos!$B$2:$B$2004,A7,Lançamentos!$C$2:$C$2004,$G$1) -> 0 | H7: =SUMIFS(Lançamentos!$I$2:$I$2004,Lançamentos!$B$2:$B$2004,A7,Lançamentos!$C$2:$C$2004,$H$1) -> 0 | I7: =SUMIFS(Lançamentos!$I$2:$I$2004,Lançamentos!$B$2:$B$2004,A7,Lançamentos!$C$2:$C$2004,$I$1) -> 11528.52 | J7: =SUMIFS(Lançamentos!$I$2:$I$2004,Lançamentos!$B$2:$B$2004,A7,Lançamentos!$C$2:$C$2004,$J$1) -> 0 | K7: =SUMIFS(Lançamentos!$I$2:$I$2004,Lançamentos!$B$2:$B$2004,A7,Lançamentos!$C$2:$C$2004,$K$1) -> 0 | L7: =SUMIFS(Lançamentos!$I$2:$I$2004,Lançamentos!$B$2:$B$2004,A7,Lançamentos!$C$2:$C$2004,$L$1) -> 0 | M7: =SUMIFS(Lançamentos!$I$2:$I$2004,Lançamentos!$B$2:$B$2004,A7,Lançamentos!$C$2:$C$2004,$M$1) -> 0
A8: BIOLOGIA CELULAR E MOLECULAR | B8: =SUM(C8:M8) -> 27491.39 | C8: =SUMIFS(Lançamentos!$I$2:$I$2004,Lançamentos!$B$2:$B$2004,A8,Lançamentos!$C$2:$C$2004,$C$1) -> 3921.97 | D8: =SUMIFS(Lançamentos!$I$2:$I$2004,Lançamentos!$B$2:$B$2004,A8,Lançamentos!$C$2:$C$2004,$D$1) -> 0 | E8: =SUMIFS(Lançamentos!$I$2:$I$2004,Lançamentos!$B$2:$B$2004,A8,Lançamentos!$C$2:$C$2004,$E$1) -> 0 | F8: =SUMIFS(Lançamentos!$I$2:$I$2004,Lançamentos!$B$2:$B$2004,A8,Lançamentos!$C$2:$C$2004,$F$1) -> 0 | G8: =SUMIFS(Lançamentos!$I$2:$I$2004,Lançamentos!$B$2:$B$2004,A8,Lançamentos!$C$2:$C$2004,$G$1) -> 0 | H8: =SUMIFS(Lançamentos!$I$2:$I$2004,Lançamentos!$B$2:$B$2004,A8,Lançamentos!$C$2:$C$2004,$H$1) -> 0 | I8: =SUMIFS(Lançamentos!$I$2:$I$2004,Lançamentos!$B$2:$B$2004,A8,Lançamentos!$C$2:$C$2004,$I$1) -> 23569.42 | J8: =SUMIFS(Lançamentos!$I$2:$I$2004,Lançamentos!$B$2:$B$2004,A8,Lançamentos!$C$2:$C$2004,$J$1) -> 0 | K8: =SUMIFS(Lançamentos!$I$2:$I$2004,Lançamentos!$B$2:$B$2004,A8,Lançamentos!$C$2:$C$2004,$K$1) -> 0 | L8: =SUMIFS(Lançamentos!$I$2:$I$2004,Lançamentos!$B$2:$B$2004,A8,Lançamentos!$C$2:$C$2004,$L$1) -> 0 | M8: =SUMIFS(Lançamentos!$I$2:$I$2004,Lançamentos!$B$2:$B$2004,A8,Lançamentos!$C$2:$C$2004,$M$1) -> 0
A9: BIOTECNOLOGIA | B9: =SUM(C9:M9) -> 1113.28 | C9: =SUMIFS(Lançamentos!$I$2:$I$2004,Lançamentos!$B$2:$B$2004,A9,Lançamentos!$C$2:$C$2004,$C$1) -> 0 | D9: =SUMIFS(Lançamentos!$I$2:$I$2004,Lançamentos!$B$2:$B$2004,A9,Lançamentos!$C$2:$C$2004,$D$1) -> 1113.28 | E9: =SUMIFS(Lançamentos!$I$2:$I$2004,Lançamentos!$B$2:$B$2004,A9,Lançamentos!$C$2:$C$2004,$E$1) -> 0 | F9: =SUMIFS(Lançamentos!$I$2:$I$2004,Lançamentos!$B$2:$B$2004,A9,Lançamentos!$C$2:$C$2004,$F$1) -> 0 | G9: =SUMIFS(Lançamentos!$I$2:$I$2004,Lançamentos!$B$2:$B$2004,A9,Lançamentos!$C$2:$C$2004,$G$1) -> 0 | H9: =SUMIFS(Lançamentos!$I$2:$I$2004,Lançamentos!$B$2:$B$2004,A9,Lançamentos!$C$2:$C$2004,$H$1) -> 0 | I9: =SUMIFS(Lançamentos!$I$2:$I$2004,Lançamentos!$B$2:$B$2004,A9,Lançamentos!$C$2:$C$2004,$I$1) -> 0 | J9: =SUMIFS(Lançamentos!$I$2:$I$2004,Lançamentos!$B$2:$B$2004,A9,Lançamentos!$C$2:$C$2004,$J$1) -> 0 | K9: =SUMIFS(Lançamentos!$I$2:$I$2004,Lançamentos!$B$2:$B$2004,A9,Lançamentos!$C$2:$C$2004,$K$1) -> 0 | L9: =SUMIFS(Lançamentos!$I$2:$I$2004,Lançamentos!$B$2:$B$2004,A9,Lançamentos!$C$2:$C$2004,$L$1) -> 0 | M9: =SUMIFS(Lançamentos!$I$2:$I$2004,Lançamentos!$B$2:$B$2004,A9,Lançamentos!$C$2:$C$2004,$M$1) -> 0
A10: BOTÂNICA | B10: =SUM(C10:M10) -> 10151.83 | C10: =SUMIFS(Lançamentos!$I$2:$I$2004,Lançamentos!$B$2:$B$2004,A10,Lançamentos!$C$2:$C$2004,$C$1) -> 9216 | D10: =SUMIFS(Lançamentos!$I$2:$I$2004,Lançamentos!$B$2:$B$2004,A10,Lançamentos!$C$2:$C$2004,$D$1) -> 0 | E10: =SUMIFS(Lançamentos!$I$2:$I$2004,Lançamentos!$B$2:$B$2004,A10,Lançamentos!$C$2:$C$2004,$E$1) -> 0 | F10: =SUMIFS(Lançamentos!$I$2:$I$2004,Lançamentos!$B$2:$B$2004,A10,Lançamentos!$C$2:$C$2004,$F$1) -> 0 | G10: =SUMIFS(Lançamentos!$I$2:$I$2004,Lançamentos!$B$2:$B$2004,A10,Lançamentos!$C$2:$C$2004,$G$1) -> 0 | H10: =SUMIFS(Lançamentos!$I$2:$I$2004,Lançamentos!$B$2:$B$2004,A10,Lançamentos!$C$2:$C$2004,$H$1) -> 0 | I10: =SUMIFS(Lançamentos!$I$2:$I$2004,Lançamentos!$B$2:$B$2004,A10,Lançamentos!$C$2:$C$2004,$I$1) -> 0 | J10: =SUMIFS(Lançamentos!$I$2:$I$2004,Lançamentos!$B$2:$B$2004,A10,Lançamentos!$C$2:$C$2004,$J$1) -> 0 | K10: =SUMIFS(Lançamentos!$I$2:$I$2004,Lançamentos!$B$2:$B$2004,A10,Lançamentos!$C$2:$C$2004,$K$1) -> 0 | L10: =SUMIFS(Lançamentos!$I$2:$I$2004,Lançamentos!$B$2:$B$2004,A10,Lançamentos!$C$2:$C$2004,$L$1) -> 0 | M10: =SUMIFS(Lançamentos!$I$2:$I$2004,Lançamentos!$B$2:$B$2004,A10,Lançamentos!$C$2:$C$2004,$M$1) -> 935.83
A11: CIÊNCIA ANIMAL | B11: =SUM(C11:M11) -> 5251.64 | C11: =SUMIFS(Lançamentos!$I$2:$I$2004,Lançamentos!$B$2:$B$2004,A11,Lançamentos!$C$2:$C$2004,$C$1) -> 1920 | D11: =SUMIFS(Lançamentos!$I$2:$I$2004,Lançamentos!$B$2:$B$2004,A11,Lançamentos!$C$2:$C$2004,$D$1) -> 2010 | E11: =SUMIFS(Lançamentos!$I$2:$I$2004,Lançamentos!$B$2:$B$2004,A11,Lançamentos!$C$2:$C$2004,$E$1) -> 0 | F11: =SUMIFS(Lançamentos!$I$2:$I$2004,Lançamentos!$B$2:$B$2004,A11,Lançamentos!$C$2:$C$2004,$F$1) -> 1321.64 | G11: =SUMIFS(Lançamentos!$I$2:$I$2004,Lançamentos!$B$2:$B$2004,A11,Lançamentos!$C$2:$C$2004,$G$1) -> 0 | H11: =SUMIFS(Lançamentos!$I$2:$I$2004,Lançamentos!$B$2:$B$2004,A11,Lançamentos!$C$2:$C$2004,$H$1) -> 0 | I11: =SUMIFS(Lançamentos!$I$2:$I$2004,Lançamentos!$B$2:$B$2004,A11,Lançamentos!$C$2:$C$2004,$I$1) -> 0 | J11: =SUMIFS(Lançamentos!$I$2:$I$2004,Lançamentos!$B$2:$B$2004,A11,Lançamentos!$C$2:$C$2004,$J$1) -> 0 | K11: =SUMIFS(Lançamentos!$I$2:$I$2004,Lançamentos!$B$2:$B$2004,A11,Lançamentos!$C$2:$C$2004,$K$1) -> 0 | L11: =SUMIFS(Lançamentos!$I$2:$I$2004,Lançamentos!$B$2:$B$2004,A11,Lançamentos!$C$2:$C$2004,$L$1) -> 0 | M11: =SUMIFS(Lançamentos!$I$2:$I$2004,Lançamentos!$B$2:$B$2004,A11,Lançamentos!$C$2:$C$2004,$M$1) -> 0
A12: CIENCIA DO SOLO | B12: =SUM(C12:M12) -> 10630.38 | C12: =SUMIFS(Lançamentos!$I$2:$I$2004,Lançamentos!$B$2:$B$2004,A12,Lançamentos!$C$2:$C$2004,$C$1) -> 9787.92 | D12: =SUMIFS(Lançamentos!$I$2:$I$2004,Lançamentos!$B$2:$B$2004,A12,Lançamentos!$C$2:$C$2004,$D$1) -> 842.46 | E12: =SUMIFS(Lançamentos!$I$2:$I$2004,Lançamentos!$B$2:$B$2004,A12,Lançamentos!$C$2:$C$2004,$E$1) -> 0 | F12: =SUMIFS(Lançamentos!$I$2:$I$2004,Lançamentos!$B$2:$B$2004,A12,Lançamentos!$C$2:$C$2004,$F$1) -> 0 | G12: =SUMIFS(Lançamentos!$I$2:$I$2004,Lançamentos!$B$2:$B$2004,A12,Lançamentos!$C$2:$C$2004,$G$1) -> 0 | H12: =SUMIFS(Lançamentos!$I$2:$I$2004,Lançamentos!$B$2:$B$2004,A12,Lançamentos!$C$2:$C$2004,$H$1) -> 0 | I12: =SUMIFS(Lançamentos!$I$2:$I$2004,Lançamentos!$B$2:$B$2004,A12,Lançamentos!$C$2:$C$2004,$I$1) -> 0 | J12: =SUMIFS(Lançamentos!$I$2:$I$2004,Lançamentos!$B$2:$B$2004,A12,Lançamentos!$C$2:$C$2004,$J$1) -> 0 | K12: =SUMIFS(Lançamentos!$I$2:$I$2004,Lançamentos!$B$2:$B$2004,A12,Lançamentos!$C$2:$C$2004,$K$1) -> 0 | L12: =SUMIFS(Lançamentos!$I$2:$I$2004,Lançamentos!$B$2:$B$2004,A12,Lançamentos!$C$2:$C$2004,$L$1) -> 0 | M12: =SUMIFS(Lançamentos!$I$2:$I$2004,Lançamentos!$B$2:$B$2004,A12,Lançamentos!$C$2:$C$2004,$M$1) -> 0
A13: CIÊNCIA POLÍTICA | B13: =SUM(C13:M13) -> 0 | C13: =SUMIFS(Lançamentos!$I$2:$I$2004,Lançamentos!$B$2:$B$2004,A13,Lançamentos!$C$2:$C$2004,$C$1) -> 0 | D13: =SUMIFS(Lançamentos!$I$2:$I$2004,Lançamentos!$B$2:$B$2004,A13,Lançamentos!$C$2:$C$2004,$D$1) -> 0 | E13: =SUMIFS(Lançamentos!$I$2:$I$2004,Lançamentos!$B$2:$B$2004,A13,Lançamentos!$C$2:$C$2004,$E$1) -> 0 | F13: =SUMIFS(Lançamentos!$I$2:$I$2004,Lançamentos!$B$2:$B$2004,A13,Lançamentos!$C$2:$C$2004,$F$1) -> 0 | G13: =SUMIFS(Lançamentos!$I$2:$I$2004,Lançamentos!$B$2:$B$2004,A13,Lançamentos!$C$2:$C$2004,$G$1) -> 0 | H13: =SUMIFS(Lançamentos!$I$2:$I$2004,Lançamentos!$B$2:$B$2004,A13,Lançamentos!$C$2:$C$2004,$H$1) -> 0 | I13: =SUMIFS(Lançamentos!$I$2:$I$2004,Lançamentos!$B$2:$B$2004,A13,Lançamentos!$C$2:$C$2004,$I$1) -> 0 | J13: =SUMIFS(Lançamentos!$I$2:$I$2004,Lançamentos!$B$2:$B$2004,A13,Lançamentos!$C$2:$C$2004,$J$1) -> 0 | K13: =SUMIFS(Lançamentos!$I$2:$I$2004,Lançamentos!$B$2:$B$2004,A13,Lançamentos!$C$2:$C$2004,$K$1) -> 0 | L13: =SUMIFS(Lançamentos!$I$2:$I$2004,Lançamentos!$B$2:$B$2004,A13,Lançamentos!$C$2:$C$2004,$L$1) -> 0 | M13: =SUMIFS(Lançamentos!$I$2:$I$2004,Lançamentos!$B$2:$B$2004,A13,Lançamentos!$C$2:$C$2004,$M$1) -> 0
... A74: ZOOTECNIA | B74: =SUM(C74:M74) -> 16102 | C74: =SUMIFS(Lançamentos!$I$2:$I$2004,Lançamentos!$B$2:$B$2004,A74,Lançamentos!$C$2:$C$2004,$C$1) -> 7056.8 | D74: =SUMIFS(Lançamentos!$I$2:$I$2004,Lançamentos!$B$2:$B$2004,A74,Lançamentos!$C$2:$C$2004,$D$1) -> 1674.92 | E74: =SUMIFS(Lançamentos!$I$2:$I$2004,Lançamentos!$B$2:$B$2004,A74,Lançamentos!$C$2:$C$2004,$E$1) -> 570 | F74: =SUMIFS(Lançamentos!$I$2:$I$2004,Lançamentos!$B$2:$B$2004,A74,Lançamentos!$C$2:$C$2004,$F$1) -> 0 | G74: =SUMIFS(Lançamentos!$I$2:$I$2004,Lançamentos!$B$2:$B$2004,A74,Lançamentos!$C$2:$C$2004,$G$1) -> 330.36 | H74: =SUMIFS(Lançamentos!$I$2:$I$2004,Lançamentos!$B$2:$B$2004,A74,Lançamentos!$C$2:$C$2004,$H$1) -> 0 | I74: =SUMIFS(Lançamentos!$I$2:$I$2004,Lançamentos!$B$2:$B$2004,A74,Lançamentos!$C$2:$C$2004,$I$1) -> 3424.22 | J74: =SUMIFS(Lançamentos!$I$2:$I$2004,Lançamentos!$B$2:$B$2004,A74,Lançamentos!$C$2:$C$2004,$J$1) -> 0 | K74: =SUMIFS(Lançamentos!$I$2:$I$2004,Lançamentos!$B$2:$B$2004,A74,Lançamentos!$C$2:$C$2004,$K$1) -> 0 | L74: =SUMIFS(Lançamentos!$I$2:$I$2004,Lançamentos!$B$2:$B$2004,A74,Lançamentos!$C$2:$C$2004,$L$1) -> 3045.7 | M74: =SUMIFS(Lançamentos!$I$2:$I$2004,Lançamentos!$B$2:$B$2004,A74,Lançamentos!$C$2:$C$2004,$M$1) -> 0
